Map: Ultralove

Players

llllllllllll - Winner!

  • Race: Terran Terran
  • League: Bronze
  • Spawn Location: 1:00

Jay

  • Race: Terran Terran
  • Spawn Location: 7:00

VOD

Have the link to the VOD?

Description

Time

  • Played on: April 24, 2025, 8 a.m.
  • Length: 2:14
Show
View Real Time Build Order
Export as new Build Order

llllllllllll Terran - Winner!

Build Orders:  

Get SALT Encoding   

  12  0:01  SCV  
  13  0:13  SCV  
  14  0:17  Supply Depot  
  14  0:25  SCV  
  15  0:30  Refinery  
  15  0:44  Barracks  
  15  0:58  Barracks  
  15  1:15  Barracks  
  15  1:31  Reaper  
  16  1:33  Refinery  
Show
View Real Time Build Order
Export as new Build Order

Jay Terran 

Build Orders:  

Get SALT Encoding   

  12  0:10  SCV  
  13  0:53  Supply Depot  
  13  1:05  SCV, Command Center  
  14  1:17  SCV  
  15  1:29  SCV  
  16  1:41  SCV  
  17  1:51  Barracks  
  17  1:53  SCV  
  18  1:59  Supply Depot  
  18  2:04  Barracks  
Tags
 
League
Bronze
Matchup
TvT
Race
Terran
Replay Pack
kreditionep1
Spawn Locations
Cross Positions
Add a new tag
Caveats
  • Supply blocks, unpowered buildings, or Contaminate may cause inaccurate times.
  • Supply counts are checked every 10 seconds.